 Dungeon Crawl Stone Soup version 0.28-a0-1159-g27aa881441 (webtiles) character file.

Game seed: 10529302542036339616

2431 spaghetti the Covert (level 9, -4/74 HPs)
             Began as a Gnoll Delver on Dec 16, 2021.
             Was an Initiate of Gozag.
             Slain by a killer bee (8 damage)
             ... on level 7 of the Dungeon.
             The game lasted 00:13:39 (8318 turns).

spaghetti the Covert (Gnoll Delver)                 Turns: 8318, Time: 00:13:39

Health: -4/74      AC: 10    Str: 16    XL:     9   Next: 48%
Magic:  15/15      EV: 13    Int: 10    God:    Gozag
Gold:   132        SH:  0    Dex: 11    Spells: 14/16 levels left

rFire   + + .      SeeInvis .     - Unarmed
rCold   + . .      Faith    .   (no shield)
rNeg    . . .      Spirit   .   n - +1 leather armour of the Turtledove {rF+}
rPois   .          Reflect  .   s - +0 helmet
rElec   .          Harm     .   (no cloak)
rCorr   .          Rampage  .   p - +0 pair of gloves
Will    .....                   (no boots)
Stlth   ++++......              (no amulet)
HPRegen 0.22/turn               t - +4 ring of protection
MPRegen 0.14/turn               (no ring)

@: lethally poisoned (-4 -> -6)
A: fangs 1, strong nose, distributed training, clumsy 1, cold resistance 1, fire
resistance 1
a: Renounce Religion, Potion Petition, Call Merchant, Bribe Branch


You were on level 7 of the Dungeon.
You worshipped Gozag.
Gozag was aware of your devotion.
You visited 2 branches of the dungeon, and saw 8 of its levels.

You collected 597 gold pieces.
You paid 465 gold pieces to Gozag.


Innate Abilities, Weirdness & Mutations

You have very sharp teeth.
Your uncanny sense of smell can sniff out nearby items.
Your experience applies equally to all skills.
You are clumsy. (Dex -2)
Your flesh is cold resistant. (rC+)
Your flesh is heat resistant. (rF+)


   Skills:
 + Level 7.9 Fighting
 + Level 4.3 Short Blades
 + Level 4.3 Long Blades
 + Level 4.3 Axes
 + Level 4.3 Maces & Flails
 + Level 4.3 Polearms
 + Level 4.3 Staves
 + Level 4.3 Slings
 + Level 4.3 Bows
 + Level 4.3 Crossbows
 + Level 4.3 Throwing
 + Level 4.3 Armour
 + Level 6.3 Dodging
 + Level 10.5 Stealth
 + Level 4.3 Shields
 + Level 6.3 Unarmed Combat
 + Level 4.3 Spellcasting
 + Level 3.5 Conjurations
 + Level 3.5 Hexes
 + Level 3.5 Summonings
 + Level 3.5 Necromancy
 + Level 3.5 Translocations
 + Level 3.5 Transmutations
 + Level 3.5 Fire Magic
 + Level 3.5 Ice Magic
 + Level 3.5 Air Magic
 + Level 3.5 Earth Magic
 + Level 3.5 Poison Magic
 + Level 4.7 Invocations
 + Level 4.3 Evocations


You had 14 spell levels left.
You knew the following spells:

 Your Spells              Type           Power      Damage    Failure   Level
a - Call Imp              Summ           9%         N/A       11%         2

Your spell library contained the following spells:

 Spells                   Type           Power      Damage    Failure   Level
 Magic Dart               Conj           36%        1d4       7%          1
 Ensorcelled Hibernation  Hex/Ice        18%        N/A       11%         2
 Mephitic Cloud           Conj/Pois/Air  9%         N/A       21%         3
 Spider Form              Tmut/Pois      9%         N/A       21%         3

Inventory:

Missiles
 a - 19 sling bullets
 e - 3 boomerangs {throwing}
 h - 48 arrows
 k - 126 stones (quivered) {throwing}
 l - 6 javelins {throwing}
 m - 6 atropa-tipped darts {throwing}
 q - 30 bolts
 r - 27 poisoned darts {throwing}
Armour
 n - the +1 leather armour of the Turtledove (worn) {rF+}
   (You found it on level 5 of the Dungeon)

   rF:        It protects you from fire.
 p - a +0 pair of gloves (worn)
   (You found it on level 1 of the Dungeon)
 s - a +0 helmet (worn)
   (You found it on level 1 of the Dungeon)
 w - a +1 plate armour of poison resistance
   (You took it off an orc warrior on level 6 of the Dungeon)
Magical Staves
 v - a staff of conjuration {!a@e2staff}
   (You found it on level 4 of the Dungeon)
Jewellery
 t - a +4 ring of protection (left hand)
   (You found it on level 2 of the Dungeon)
Wands
 f - a wand of digging (2)
 o - a wand of paralysis (1)
   (You found it on level 4 of the Dungeon)
Scrolls
 c - a scroll of magic mapping {!r}
 d - 8 scrolls of identify {@r1}
Potions
 i - a potion of mutation {!q}
 j - a potion of cancellation
 u - a potion of attraction {!q}

Dungeon Overview and Level Annotations

Branches:
Dungeon (7/15)             Temple (1/1) D:4

Altars:
Cheibriados
Dithmenos
Gozag
Kikubaaqudgha
Okawaru
Qazlal
Ru
Sif Muna
Wu Jian
Xom
Zin

Annotations:
D:3 exclusion: door

... ...
#.#####################
#......................
#......................
##....................y.
#.....################'#
#....yy........+......y)
+.....#@.......#........
#.....#..###..###.#####.
#....###..# #.....$..
#.... .... #$.......
#.... ....# #........
+.... .....+ #........
#.. ....## #........
#....# #.....### #.....


You could see 2 killer bees.


Message History

The killer bee stings you but does no damage.
The killer bee barely misses you. 😮 HP[-3]
You take 3 damage, and now have 46/74 hp.
You feel sick. 😮 HP[-2]
You take 2 damage, and now have 44/74 hp.
You feel sick.
The killer bee stings you but does no damage. 😮 HP[-2]
You take 2 damage, and now have 42/74 hp.
You feel sick.
The killer bee stings you but does no damage. x3
You see here a +0 war axe {axe}. 😮 HP[-1]
You take 1 damage, and now have 41/74 hp.
You feel sick.
The killer bee stings you but does no damage.
There is an open door here. 😮 HP[-1]
You take 1 damage, and now have 40/74 hp.
You feel sick.
Okay, then.
You barely miss the killer bee. Your bite misses the killer bee.
You feel sick.
The killer bee barely misses you. 😮 HP[-1]
You take 1 damage, and now have 39/74 hp.
You barely miss the killer bee.
You feel sick.
You are no longer poisoned.
The killer bee stings you.
* * * LOW HITPOINT WARNING * * *
You are poisoned.
The killer bee poisons you! 😨 HP[-4]
You take 4 damage, and now have 35/74 hp.
Okay, then.
Okay, then.
Okay, then.
You closely miss the killer bee.
You feel sick. The killer bee misses you. The killer bee stings you.
* * * LOW HITPOINT WARNING * * *
The killer bee stings you but does no damage. x2 😨 HP[-8]
You take 8 damage, and now have 27/74 hp.
Really read
g - a scroll of blinking {!r}?
Blink to where?
Press: ? - help, Dir - move target
As you read the scroll of blinking {!r}, it crumbles to dust.
You feel sick. 😨 HP[-2]
You take 2 damage, and now have 25/74 hp.
You feel sick.
You feel sick. 😨 HP[-1]
You take 1 damage, and now have 24/74 hp.
Okay, then.
Okay, then.
Okay, then.
You feel sick. 😨 HP[-1]
You take 1 damage, and now have 23/74 hp.
You feel sick. 😨 HP[-1]
You take 1 damage, and now have 22/74 hp.
You feel sick.
You are no longer poisoned.
The killer bee stings you.
* * * LOW HITPOINT WARNING * * *
You are poisoned.
The killer bee poisons you! 😱 HP[-5]
You take 5 damage, and now have 17/74 hp.
Okay, then.
You feel very sick. The killer bee barely misses you.
The killer bee completely misses you.
The killer bee barely misses you. 😱 HP[-3]
You take 3 damage, and now have 14/74 hp.
You feel sick. 😱 HP[-2]
You take 2 damage, and now have 12/74 hp.
As you open the door, it creaks loudly!
You feel sick. The killer bee stings you.
* * * LOW HITPOINT WARNING * * *
😱 HP[-5]
You take 5 damage, and now have 7/74 hp.
* * * LOW HITPOINT WARNING * * *
You feel sick.
There is an open door here. 😱 HP[-2]
You take 2 damage, and now have 5/74 hp.
You feel sick.
The killer bee barely misses you. 😱 HP[-1]
You take 1 damage, and now have 4/74 hp.
Okay, then.
Okay, then.
You miss the killer bee. The killer bee barely misses you.
You closely miss the killer bee.
You feel sick. The killer bee stings you!
You die...
Your body crumbles into a pile of gold.

Skill      XL: |  1  2  3  4  5  6  7  8  9 |
---------------+----------------------------+-----
Stealth        | 10 | 10.5
Invocations    | 1 2 3 4 |  4.7
Short Blades   | 1 2 3 4 |  4.3
Long Blades    | 1 2 3 4 |  4.3
Axes           | 1 2 3 4 |  4.3
Maces & Flails | 1 2 3 4 |  4.3
Polearms       | 1 2 3 4 |  4.3
Staves         | 1 2 3 4 |  4.3
Slings         | 1 2 3 4 |  4.3
Bows           | 1 2 3 4 |  4.3
Crossbows      | 1 2 3 4 |  4.3
Throwing       | 1 2 3 4 |  4.3
Armour         | 1 2 3 4 |  4.3
Shields        | 1 2 3 4 |  4.3
Spellcasting   | 1 2 3 4 |  4.3
Evocations     | 1 2 3 4 |  4.3
Conjurations   | 1 2 3 |  3.5
Hexes          | 1 2 3 |  3.5
Summonings     | 1 2 3 |  3.5
Necromancy     | 1 2 3 |  3.5
Translocations | 1 2 3 |  3.5
Transmutations | 1 2 3 |  3.5
Fire Magic     | 1 2 3 |  3.5
Ice Magic      | 1 2 3 |  3.5
Air Magic      | 1 2 3 |  3.5
Earth Magic    | 1 2 3 |  3.5
Poison Magic   | 1 2 3 |  3.5
Dodging        | 5 6 |  6.3
Unarmed Combat | 5 6 |  6.3
Fighting       | 7 |  7.9

Action                   |  1- 3 |  4- 6 |  7- 9 || total
-------------------------+-------+-------+-------++-------
Melee: Unarmed           |    81 |   245 |   378 ||   704
       Bite              |     9 |    24 |    40 ||    73
       Punch             |       |     4 |     7 ||    11
Throw: Dart              |       |       |     3 ||     3
 Cast: Call Imp          |       |       |    10 ||    10
Invok: Potion Petition   |       |       |     1 ||     1
Evoke: Wand              |       |       |     8 ||     8
  Use: Scroll            |     4 |     3 |     4 ||    11
       Potion            |       |     8 |     2 ||    10
 Stab: Sleeping          |     6 |    14 |     5 ||    25
       Distracted        |       |       |     2 ||     2
       Paralysed         |       |       |     9 ||     9
Armor: Leather armour    |    15 |    72 |   145 ||   232
       Skin              |       |     7 |       ||     7
Dodge: Dodged            |    41 |   143 |   246 ||   430

Levels and vault maps discovered:
D:1:      arrival_aquarium_b, layout_basic
D:2:      layout_basic, shapermc_ecumenical_altar_mp_urbaneastern,
          minmay_pentomino_s2
D:3:      layout_loops_ring, minmay_divided_ellipse
D:4:      layout_basic, minmay_temple_entry_poolview, chequers_big_river
D:5:      layout_basic, okawaru_ov_weapons_minmay,
          nicolae_concentric_dashed_squares_mild, nicolae_fountain_basement
D:6:      layout_basic, uniq_pikel
D:7:      layout_gridville, nicolae_zen_rock_garden, uniq_joseph
Temple:   nicolae_temple_the_god_donut

Notes
Turn   | Place    | Note
-------+----------+-------------------------------------------
     0 | D:5      | Reached skill level 9 in Stealth
     0 | D:5      | spaghetti the Gnoll Delver began the quest for the Orb.
     0 | D:5      | Reached XP level 1. HP: 23/23 MP: 1/1
     0 | D:5      | magus.rc [v1.9.6]
    48 | D:5      | Noticed an ogre
    58 | D:5      | Reached XP level 2. HP: 21/29 MP: 2/2
    58 | D:5      | Reached XP level 3. HP: 25/35 MP: 3/3
    71 | D:5      | Noticed a sky beast
    71 | D:5      | Noticed a phantom
   378 | D:2      | Reached skill level 1 in Invocations
   457 | D:2      | Found a faded altar of an unknown god.
   764 | D:1      | Reached skill level 1 in Short Blades
   764 | D:1      | Reached skill level 1 in Long Blades
   764 | D:1      | Reached skill level 1 in Axes
   764 | D:1      | Reached skill level 1 in Maces & Flails
   764 | D:1      | Reached skill level 1 in Polearms
   764 | D:1      | Reached skill level 1 in Staves
   764 | D:1      | Reached skill level 1 in Slings
   764 | D:1      | Reached skill level 1 in Bows
   764 | D:1      | Reached skill level 1 in Crossbows
   764 | D:1      | Reached skill level 1 in Throwing
   764 | D:1      | Reached skill level 1 in Armour
   764 | D:1      | Reached skill level 1 in Shields
   764 | D:1      | Reached skill level 1 in Spellcasting
   764 | D:1      | Reached skill level 1 in Evocations
   887 | D:1      | Reached XP level 4. HP: 29/41 MP: 5/5
  1909 | D:3      | Reached skill level 1 in Conjurations
  1909 | D:3      | Reached skill level 1 in Hexes
  1909 | D:3      | Reached skill level 1 in Summonings
  1909 | D:3      | Reached skill level 1 in Necromancy
  1909 | D:3      | Reached skill level 1 in Translocations
  1909 | D:3      | Reached skill level 1 in Transmutations
  1909 | D:3      | Reached skill level 1 in Fire Magic
  1909 | D:3      | Reached skill level 1 in Ice Magic
  1909 | D:3      | Reached skill level 1 in Air Magic
  1909 | D:3      | Reached skill level 1 in Earth Magic
  1909 | D:3      | Reached skill level 1 in Poison Magic
  2064 | D:3      | Noticed an ogre
  2170 | D:3      | Reached XP level 5. HP: 47/47 MP: 6/6
  2193 | D:3      | Gained mutation: You are clumsy. (Dex -2) [potion of
                  | mutation]
  2193 | D:3      | Gained mutation: Your flesh is cold resistant. (rC+)
                  | [potion of mutation]
  2193 | D:3      | Gained mutation: Your flesh is heat resistant. (rF+)
                  | [potion of mutation]
  2224 | D:3      | HP: 16/70 [poisoned by a scorpion]
  2230 | D:3      | HP: 11/70 [poisoned by a scorpion]
  2236 | D:3      | HP: 8/70 [poisoned by a scorpion]
  2758 | D:3      | Reached XP level 6. HP: 53/53 MP: 8/8
  2846 | D:3      | Reached skill level 2 in Invocations
  3593 | D:3      | Reached skill level 2 in Short Blades
  3593 | D:3      | Reached skill level 2 in Long Blades
  3593 | D:3      | Reached skill level 2 in Axes
  3593 | D:3      | Reached skill level 2 in Maces & Flails
  3593 | D:3      | Reached skill level 2 in Polearms
  3593 | D:3      | Reached skill level 2 in Staves
  3593 | D:3      | Reached skill level 2 in Slings
  3593 | D:3      | Reached skill level 2 in Bows
  3593 | D:3      | Reached skill level 2 in Crossbows
  3593 | D:3      | Reached skill level 2 in Throwing
  3593 | D:3      | Reached skill level 2 in Armour
  3593 | D:3      | Reached skill level 5 in Dodging
  3593 | D:3      | Reached skill level 2 in Shields
  3593 | D:3      | Reached skill level 5 in Unarmed Combat
  3593 | D:3      | Reached skill level 2 in Spellcasting
  3593 | D:3      | Reached skill level 2 in Evocations
  3843 | D:4      | Found a staircase to the Ecumenical Temple.
  4002 | D:4      | You pick up a book of Dreams and begin reading...
  4002 | D:4      | You add the spells Ensorcelled Hibernation and Spider Form
                  | to your library.
  4504 | Temple   | Entered the Ecumenical Temple
  4519 | Temple   | Became a worshipper of Gozag Ym Sagoz the Greedy
  4604 | D:4      | Reached XP level 7. HP: 56/59 MP: 10/10
  4640 | D:5      | HP: 14/59 [poisoned by an adder]
  4889 | D:5      | You pick up a book of Minor Magic and begin reading...
  4889 | D:5      | You add the spells Magic Dart, Call Imp and Mephitic Cloud
                  | to your library.
  4893 | D:5      | Learned a level 2 spell: Call Imp
  4940 | D:5      | Reached skill level 7 in Fighting
  4940 | D:5      | Reached skill level 2 in Conjurations
  4940 | D:5      | Reached skill level 2 in Hexes
  4940 | D:5      | Reached skill level 2 in Summonings
  4940 | D:5      | Reached skill level 2 in Necromancy
  4940 | D:5      | Reached skill level 2 in Translocations
  4940 | D:5      | Reached skill level 2 in Transmutations
  4940 | D:5      | Reached skill level 2 in Fire Magic
  4940 | D:5      | Reached skill level 2 in Ice Magic
  4940 | D:5      | Reached skill level 2 in Air Magic
  4940 | D:5      | Reached skill level 2 in Earth Magic
  4940 | D:5      | Reached skill level 2 in Poison Magic
  5270 | D:5      | Found an iron altar of Okawaru.
  5408 | D:5      | Identified the +1 leather armour of the Turtledove {rF+}
  5636 | D:6      | Noticed Pikel
  5680 | D:5      | Killed Pikel
  5681 | D:5      | Reached skill level 3 in Short Blades
  5681 | D:5      | Reached skill level 3 in Long Blades
  5681 | D:5      | Reached skill level 3 in Axes
  5681 | D:5      | Reached skill level 3 in Maces & Flails
  5681 | D:5      | Reached skill level 3 in Polearms
  5681 | D:5      | Reached skill level 3 in Staves
  5681 | D:5      | Reached skill level 3 in Slings
  5681 | D:5      | Reached skill level 3 in Bows
  5681 | D:5      | Reached skill level 3 in Crossbows
  5681 | D:5      | Reached skill level 3 in Throwing
  5681 | D:5      | Reached skill level 3 in Armour
  5681 | D:5      | Reached skill level 10 in Stealth
  5681 | D:5      | Reached skill level 3 in Shields
  5681 | D:5      | Reached skill level 3 in Spellcasting
  5681 | D:5      | Reached skill level 3 in Invocations
  5681 | D:5      | Reached skill level 3 in Evocations
  5681 | D:5      | Reached XP level 8. HP: 29/67 MP: 9/12
  6614 | D:6      | Reached skill level 4 in Invocations
  6713 | D:6      | Reached skill level 3 in Conjurations
  6713 | D:6      | Reached skill level 3 in Hexes
  6713 | D:6      | Reached skill level 3 in Summonings
  6713 | D:6      | Reached skill level 3 in Necromancy
  6713 | D:6      | Reached skill level 3 in Translocations
  6713 | D:6      | Reached skill level 3 in Transmutations
  6713 | D:6      | Reached skill level 3 in Fire Magic
  6713 | D:6      | Reached skill level 3 in Ice Magic
  6713 | D:6      | Reached skill level 3 in Air Magic
  6713 | D:6      | Reached skill level 3 in Earth Magic
  6713 | D:6      | Reached skill level 3 in Poison Magic
  6885 | D:6      | Reached skill level 6 in Dodging
  6885 | D:6      | Reached skill level 6 in Unarmed Combat
  6885 | D:6      | Reached XP level 9. HP: 68/72 MP: 11/14
  7007 | D:6      | Reached skill level 4 in Short Blades
  7007 | D:6      | Reached skill level 4 in Long Blades
  7007 | D:6      | Reached skill level 4 in Axes
  7007 | D:6      | Reached skill level 4 in Maces & Flails
  7007 | D:6      | Reached skill level 4 in Polearms
  7007 | D:6      | Reached skill level 4 in Staves
  7007 | D:6      | Reached skill level 4 in Slings
  7007 | D:6      | Reached skill level 4 in Bows
  7007 | D:6      | Reached skill level 4 in Crossbows
  7007 | D:6      | Reached skill level 4 in Throwing
  7007 | D:6      | Reached skill level 4 in Armour
  7007 | D:6      | Reached skill level 4 in Shields
  7007 | D:6      | Reached skill level 4 in Spellcasting
  7007 | D:6      | Reached skill level 4 in Evocations
  7709 | D:7      | HP: 15/74 [gnoll shaman (9)]
  8311 | D:7      | HP: 17/74 [killer bee (5)]
  8314 | D:7      | HP: 7/74 [killer bee (5)]
  8318 | D:7      | Slain by a killer bee

Vanquished Creatures
  A centaur zombie (D:6)
  A shadow (D:6)
  An ice beast (D:6)
  2 orc warriors (D:6)
  A necrophage (D:6)
  3 ogres
  2 phantoms
  A scorpion (D:3)
  A jelly (D:7)
  2 howler monkeys
  A bullfrog zombie (D:5)
  2 hounds
  A bullfrog skeleton (D:7)
  A gnoll shaman (D:7)
  An orc priest (D:7)
  3 iguanas
  An orc wizard (D:6)
  5 gnolls
  9 adders
  A howler monkey skeleton (D:6)
  A shadow imp (D:3)
  3 ufetubi
  3 worms
  5 dart slugs
  9 orcs
  7 ball pythons
  4 endoplasms
  A giant cockroach (D:3)
  8 goblins
  9 hobgoblins
  5 kobolds
  7 quokkas
  7 bats
  5 frilled lizards
  7 rats
121 creatures vanquished.

Vanquished Creatures (collateral kills)
  Pikel (D:5)
  A bullfrog zombie (D:5)
2 creatures vanquished.

Vanquished Creatures (others)
  An orc wizard (D:7)
  6 plants (D:4)
7 creatures vanquished.

Grand Total: 130 creatures vanquished

Table legend:
 A = Non-vault XP
 B = Vault XP
 C = Vault XP percentage of total XP
 D = Non-vault monster count
 E = Vault monster count
 F = Vault count percentage of total count
                 A         B        C        D         E       F
            +---------+---------+-------+---------+---------+-------
      Total |    2762 |     712 |  20.5 |     111 |      13 |  10.5
            +---------+---------+-------+---------+---------+-------
        D:1 |      33 |       0 |   0.0 |      23 |       0 |   0.0
        D:2 |      36 |       3 |   7.7 |      14 |       2 |  12.5
        D:3 |     312 |      41 |  11.6 |      24 |       8 |  25.0
        D:4 |      41 |     107 |  72.3 |       8 |       1 |  11.1
        D:5 |     395 |     561 |  58.7 |       9 |       2 |  18.2
        D:6 |    1607 |       0 |   0.0 |      21 |       0 |   0.0
        D:7 |     338 |       0 |   0.0 |      12 |       0 |   0.0
            +---------+---------+-------+---------+---------+-------

Illustrated notes

Table legend:
 A = Kills in this place as a percentage of kills in entire the game.
 B = Kills by you in this place as a percentage of kills by you in the entire game.
 C = Kills by friends in this place as a percentage of kills by friends in the entire game.
 D = Other kills in this place as a percentage of other kills in the entire game.
 E = Experience gained in this place as a percentage of experience gained in the entire game.
 F = Experience gained in this place divided by the number of levels of this place that you have seen.
                   A       B       C       D       E      F
               +-------+-------+-------+-------+-------+----------------------
         Total | 100.0 | 100.0 | 100.0 | 100.0 | 100.0 | 434.2
       Dungeon | 100.0 | 100.0 | 100.0 | 100.0 | 100.0 | 496.3
               +-------+-------+-------+-------+-------+----------------------

Table legend: (Time is in decaauts)
 A = Elapsed time spent in this place.
 B = Non-inter-level travel time spent in this place.
 C = Inter-level travel time spent in this place.
 D = Time resting spent in this place.
 E = Time spent auto-exploring this place.
 F = Levels seen in this place.
 G = Mean time per level.
                   A        B        C        D        E       F      G
               +--------+--------+--------+--------+--------+-----+--------+
         Total |   8250 |   7866 |    384 |   2053 |   4364 |   8 | 1031.2 |
       Dungeon |   8222 |   7850 |    372 |   2053 |   4357 |   7 | 1174.6 |
        Temple |     27 |     15 |     12 |      0 |      7 |   1 |   27.0 |
               +--------+--------+--------+--------+--------+-----+--------+

Top non-repeatable levels by time:
     D:3: 1872 daAuts
     D:6: 1817 daAuts
     D:5: 1698 daAuts
     D:1: 832 daAuts
     D:4: 825 daAuts
     D:2: 768 daAuts
     D:7: 408 daAuts
  Temple: 27 daAuts
